 Dungeon Sprint DCSS version 0.21-a0-241-g2cbab09 (webtiles) character file.

450 terra52 the Unseen (level 7, -2/39 HPs)
             Began as a Vine Stalker Assassin on Sept 4, 2017.
             Was the Champion of Zin.
             Slain by Sonja
             ... wielding a +2 dagger of venom
              (4 damage)
             ... in the Dungeon (Sprint I: "Red Sonja").
             The game lasted 00:03:01 (359 turns).

terra52 the Unseen (Vine Stalker Assassin)           Turns: 359, Time: 00:03:01

Health: -2/39      AC:  5    Str: 24    XL:     7   Next: 4%
Magic:  0/8        EV: 13    Int: 12    God:    Zin [******]
Gold:   34         SH:  0    Dex: 17    Spells: 6/6 levels left

rFire    . . .     SeeInvis .   b - +0 blowgun
rCold    . . .     Gourm    .   (no shield)
rNeg     . . .     Faith    .   c - +0 robe
rPois    ∞         Spirit   +   (no helmet)
rElec    .         Reflect  .   d - +0 cloak
rCorr    .         Harm     .   p - +1 pair of gloves {Str+3}
MR       .....     NoTele   +   (no boots)
Stlth    ++++++....             (no amulet)
HPRegen  0.53/turn              n - +3 ring of strength
MPRegen  0.11/turn              o - +2 ring of strength

@: vitalised, hasted, very quick
A: fangs 2, regeneration 1, magic shield, antimagic bite, no potion heal 3, rot
immunity
a: Recite, Vitalisation, Imprison, Sanctuary, Donate Gold, Cure All Mutations,
Renounce Religion


You were in the Dungeon.
You worshipped Zin.
Zin was exalted by your worship.
You were not hungry.

You visited 1 branch You collected 284 gold pieces.
You spent 237 gold pieces at shops.
You donated 13 gold pieces to Zin.

Inventory:

Hand Weapons
 a - a +2 dagger
 b - a +0 blowgun (weapon)
Missiles
 e - a poisoned needle (quivered)
 f - 2 curare-tipped needles
Armour
 c - a +0 robe (worn)
 d - a +0 cloak (worn)
 p - a +1 pair of gloves of strength (worn)
Jewellery
 n - a +3 ring of strength (left hand)
 o - a +2 ring of strength (right hand)
Scrolls
 m - a scroll of blinking
Potions
 h - a potion of curing
 i - a potion of heal wounds
 k - 2 potions of magic
 l - a potion of berserk rage
Comestibles
 g - a bread ration


   Skills:
 + Level 5.0 Fighting
 + Level 5.3 Short Blades
 + Level 3.4 Throwing
 + Level 2.0 Dodging
 + Level 15.0 Stealth


You had 6 spell levels left.
You didn't know any spells.

Dungeon Overview and Level Annotations

Branches:
Dungeon (1/1)

Altars:
Cheibriados
Dithmenos
Elyvilon
Fedhas
Gozag
Hepliaklqana
Kikubaaqudgha
Nemelex Xobeh
Okawaru
Qazlal
Ru
Sif Muna
Trog
Uskayaw
Vehumet
Wu Jian
Yredelemnul
Zin
The Shining One

Shops:
D **

Annotations:
D Sonja


Innate Abilities, Weirdness & Mutations

You have extremely sharp teeth.
Your natural rate of healing is unusually fast.
When hurt, damage is shared between your health and your magic reserves.
Your bite disrupts and absorbs the magic of your enemies.
Potions cannot restore your health.
You are immune to rotting.


Message History

Press: ? - help, Shift-Dir - straight line, f/p - Sonja
Aim: Sonja, wielding a dagger of venom (moderately wounded)
You shoot a poisoned needle.
The poisoned needle barely misses Sonja.
Firing (i - inventory. (,) - cycle):
e - 3 poisoned needles (quivered)
Press: ? - help, Shift-Dir - straight line, f/p - Sonja
Aim: Sonja, wielding a dagger of venom (moderately wounded)
You shoot a poisoned needle. The poisoned needle misses Sonja.
Sonja hits you with an uncursed dagger of venom.
* * * LOW HITPOINT WARNING * * *
Your divine stamina protects you from poison!
Sonja hits you but does no damage.
Your divine stamina protects you from poison!
Sonja completely misses you.
Firing (i - inventory. (,) - cycle):
e - 2 poisoned needles (quivered)
Press: ? - help, Shift-Dir - straight line, f/p - Sonja
Aim: Sonja, wielding a dagger of venom (moderately wounded)
You shoot a poisoned needle. The poisoned needle misses Sonja.
Sonja hits you with an uncursed dagger of venom.
You die...

#..#### #...#.#
#..#__####..##[#
#..#_____##'#_.+
#⌠⌠#_.∩...'.(._#
####_..__##_.#'#
#_____###'#.#
############.###
#∩........(..$+
###++++####@.$#
##K## #+#


You could see Sonja.

Vanquished Creatures
  Sigmund (D)
  A yak (D)
  An ogre (D)
  A jelly (D)
  Ijyb (D)
5 creatures vanquished.

Notes
Turn   | Place    | Note
-------+----------+-------------------------------------------
     0 | D        | terra52 the Vine Stalker Assassin began the quest for the Orb.
     0 | D        | Reached XP level 1. HP: 11/11 MP: 2/2
     2 | D        | Noticed Ijyb
    16 | D        | Killed Ijyb
    16 | D        | Reached skill level 1 in Dodging
    16 | D        | Reached skill level 7 in Stealth
    16 | D        | Reached XP level 2. HP: 6/16 MP: 1/3
    16 | D        | Reached XP level 3. HP: 7/19 MP: 1/4
   207 | D        | Noticed an ogre
   209 | D        | Killed an ogre
   209 | D        | Reached skill level 10 in Stealth
   209 | D        | Gained mutation: Your natural rate of healing is unusually fast. [Vine Stalker growth]
   209 | D        | Reached XP level 4. HP: 24/24 MP: 5/5
   213 | D        | Noticed Sigmund
   215 | D        | Killed Sigmund
   215 | D        | Reached skill level 13 in Stealth
   215 | D        | Reached XP level 5. HP: 30/30 MP: 6/6
   215 | D        | Reached XP level 6. HP: 34/34 MP: 7/7
   227 | D        | Found a deep blue altar of Sif Muna.
   228 | D        | Found an ornate altar of the Wu Jian Council.
   229 | D        | Found a radiant altar of Vehumet.
   243 | D        | Found Iceingan's Assorted Antiques.
   243 | D        | Found an ancient bone altar of Kikubaaqudgha.
   243 | D        | Found a hazy altar of Hepliaklqana.
   243 | D        | Found a stormy altar of Qazlal.
   243 | D        | Found a hide-covered altar of Uskayaw.
   243 | D        | Found a blossoming altar of Fedhas.
   243 | D        | Found a bloodstained altar of Trog.
   243 | D        | Found an iron altar of Okawaru.
   243 | D        | Found a basalt altar of Yredelemnul.
   243 | D        | Found a glowing golden altar of the Shining One.
   243 | D        | Found a snail-covered altar of Cheibriados.
   243 | D        | Found a sacrificial altar of Ru.
   243 | D        | Found a glowing silver altar of Zin.
   243 | D        | Found a shadowy altar of Dithmenos.
   243 | D        | Found a white marble altar of Elyvilon.
   243 | D        | Noticed a yak
   244 | D        | Found an opulent altar of Gozag.
   245 | D        | Killed a yak
   245 | D        | Reached skill level 5 in Fighting
   245 | D        | Reached skill level 5 in Short Blades
   245 | D        | Reached skill level 15 in Stealth
   245 | D        | Reached XP level 7. HP: 39/39 MP: 8/8
   246 | D        | Found a sparkling altar of Nemelex Xobeh.
   251 | D        | Bought a ring of strength for 50 gold pieces
   257 | D        | Became a worshipper of Zin the Law-Giver
   257 | D        | Reached * piety under Zin
   257 | D        | Reached ** piety under Zin
   257 | D        | Reached *** piety under Zin
   267 | D        | Reached **** piety under Zin
   267 | D        | Reached ***** piety under Zin
   269 | D        | Reached ****** piety under Zin
   306 | D        | Bought a pair of runed gloves for 187 gold pieces
   320 | D        | Noticed Sonja
   329 | D        | Found Onus Sau's General Store.
   359 | D        | Slain by Sonja

Vault maps used:
D:        dungeon_sprint_1

Skill      XL: |  1  2  3  4  5  6 |
---------------+-------------------+-----
Fighting       | 2 3 4 5 |  5.0
Short Blades   | 2 3 4 5 |  5.3
Throwing       | 2 3 |  3.4
Dodging        | 1 2 |  2.0
Stealth        | 7 10 13 15 | 15.0

Action                   |  1- 3 |  4- 6 |  7- 9 || total
-------------------------+-------+-------+-------++-------
Melee: Dagger            |    14 |     3 |    16 ||    33
       Bite              |     2 |       |     2 ||     4
 Fire: Blowgun           |       |       |     7 ||     7
Invok: Vitalisation      |       |       |     1 ||     1
  Use: Potion            |       |       |     1 ||     1
 Stab: Sleeping          |     2 |     3 |       ||     5
Armor: Robe              |     1 |       |    14 ||    15
Dodge: Dodged            |     5 |       |    21 ||    26

Table legend:
 A = Spawn XP
 B = Non-spawn XP
 C = Spawn XP percentage of total XP
 D = Spawn monster count
 E = Non-spawn monster count
 F = Spawn count percentage of total count
 G = Total turns spent on level
                    A         B        C        D         E        F      G
               +---------+---------+-------+---------+---------+-------+---------
         Total |       0 |     644 |   0.0 |       0 |       5 |   0.0 |   359
               +---------+---------+-------+---------+---------+-------+---------
             D |       0 |     644 |   0.0 |       0 |       5 |   0.0 |   359
               +---------+---------+-------+---------+---------+-------+---------
